 Dungeon Crawl Stone Soup version 0.31-a0-986-g5e6e4ef867 (webtiles) character file.

Game seed: 2747372011028987394

1734 Ekaitz the Zephyrmancer (level 9, -1/52 HPs)
             Began as a Tengu Air Elementalist on Nov 4, 2023.
             Killed by their own static electricity (4 damage)
             ... on level 5 of the Dungeon.
             The game lasted 00:07:53 (5151 turns).

Ekaitz the Zephyrmancer (Tengu Air Elementalist)    Turns: 5151, Time: 00:07:53

Health: -1/52      AC:  2    Str:  8    XL:     9   Next: 5%
Magic:  5/16       EV: 18    Int: 20    God:
Gold:   196        SH:  0    Dex: 15    Spells: 7/17 levels left

rFire   + . .        p - +2 mace (drain)
rCold   x . .        (no shield)
rNeg    . . .        a - +0 robe
rPois   +            (helmet restricted)
rElec   .            (no cloak)
rCorr   .            (no gloves)
SInv    .            (boots unavailable)
Will    .....        (no amulet)
Stlth   ++           g - ring of fire
HPRegen 0.28/turn    r - ring of poison resistance
MPRegen 0.15/turn

%: acrobat
@: flying
A: beak, talons 3, evasive flight, acrobatic
a: no special abilities


You were on level 5 of the Dungeon.
You visited 1 branch of the dungeon, and saw 5 of its levels.

You collected 196 gold pieces.

Inventory:

Hand Weapons
 e - a +0 dagger
 o - a +0 long sword
 p - a +2 mace of draining (weapon)
 t - a +4 sling
Missiles
 f - 5 poisoned darts
 u - 5 javelins
Armour
 a - a +0 robe (worn)
 w - an orb of guile
Jewellery
 g - a ring of fire (left hand)
 r - a ring of poison resistance (right hand)
Talismans
 A - a maw talisman
Wands
 z - a wand of paralysis (7)
Scrolls
 d - 5 scrolls of identify {unknown}
 i - a scroll of brand weapon {unknown}
 k - 3 scrolls of teleportation {unknown}
 m - a scroll of fog {unknown}
 n - a scroll of poison {unknown}
 q - a scroll of vulnerability {unknown}
 v - a scroll of summoning {unknown}
 y - a scroll of immolation {unknown}
Potions
 b - a potion of magic
 c - 8 potions of curing {unknown}
 h - 2 potions of degeneration {unknown}
 j - a potion of ambrosia {unknown}
 l - a potion of heal wounds {unknown}
 s - 3 potions of might {unknown}
 x - a potion of attraction {unknown}


   Skills:
 * Level 4.0 Fighting
 + Level 2.6 Maces & Flails
 * Level 5.3 Dodging
 + Level 3.1 Stealth
 + Level 4.5 Spellcasting
 + Level 5.4 Conjurations
 * Level 9.0 Air Magic


You had 7 spell levels left.
You knew the following spells:

 Your Spells              Type           Power      Damage    Failure   Level
a - Shock                 Conj/Air       100%       1d9       1%          1
b - Static Discharge      Conj/Air       66%        3-6/arc   1%          2
c - Swiftness             Air            40%        N/A       1%          3
d - Airstrike             Air            20%        2d(3-19)  3%          4

Your spell library contained the following spells:

 Spells                   Type           Power      Damage    Failure   Level
 Momentum Strike          Conj/Tloc      30%        3d8       6%          2
 Sandblast                Erth           8%         2d5       12%         1
 Dazzling Flash           Conj/Hex       30%        N/A       12%         3
 Stone Arrow              Conj/Erth      30%        3d8       12%         3
 Passwall                 Tmut/Erth      3%         N/A       19%         2
 Frozen Ramparts          Ice            8%         1d2       36%         3
 Brom's Barrelling Bould  Conj/Erth      15%        2d4       36%         4
 Petrify                  Tmut/Erth      4%         N/A       77%         4
 Summon Ice Beast         Ice/Summ       4%         N/A       77%         4
 Metabolic Englaciation   Hex/Ice        2%         N/A       98%         5
 Summon Mana Viper        Hex/Summ       4%         N/A       98%         5
 Monstrous Menagerie      Summ           2%         N/A       100%        7
 Discord                  Hex            2%         N/A       100%        8


Dungeon Overview and Level Annotations

Branches:
Dungeon (5/15)
 Temple: D:4-7

Altars:
Makhleb

Annotations:
D:4 2 runed translucent doors, tinescath's ghost, amateur DEHW


Innate Abilities, Weirdness & Mutations

You have a beak for a mouth.
You have claws for feet.
Your magical flight helps you evade attacks. (EV +4)
You can magically evade attacks while moving or waiting.


Message History

Reactivating autopickup.
Unknown command.
Casting: Shock (safe; 1% risk of failure)
Confirm with . or Enter, or press ? or * to list all spells.
The shadow is struck by an arc of lightning.
The shadow is heavily damaged.
You are struck by an arc of lightning.
* * * LOW HITPOINT WARNING * * *
The lightning grounds out.
The shadow hits you.
* * * LOW HITPOINT WARNING * * *
Casting: Static Discharge (safe; 1% risk of failure)
Confirm with . or Enter, or press ? or * to list all spells.
The shadow is struck by an arc of lightning.
The shadow is heavily damaged.
You are struck by an arc of lightning.
The shadow is struck by an arc of lightning.
The shadow is severely damaged.
You are struck by an arc of lightning.
* * * LOW HITPOINT WARNING * * *
The lightning grounds out.
The shadow slips into darkness.
The shadow flickers and vanishes!
Deactivating autopickup; reactivate with Ctrl-A.
Casting: Static Discharge (safe; 1% risk of failure)
Confirm with . or Enter, or press ? or * to list all spells.
Something is struck by an arc of lightning.
You are struck by an arc of lightning.
* * * LOW HITPOINT WARNING * * *
The lightning grounds out.
The shadow strikes at you from the darkness!
Reactivating autopickup.
Casting: Static Discharge (safe; 1% risk of failure)
Confirm with . or Enter, or press ? or * to list all spells.
The shadow is struck by an arc of lightning.
You are struck by an arc of lightning.
* * * LOW HITPOINT WARNING * * *
The shadow is struck by an arc of lightning.
You destroy the shadow!
You are struck by an arc of lightning.
You die...

..) ..##.#####.# .##
####. #.# ##+## #.
#.# ##...## #. #.#
##.....## #.#####.#
##.......###.......#
#.........###....###
+.......[.+.......#
#..@....>.###....##
##.......##......)#
# ##.)...###.#.###.#
... #.....##
#.#...#)#
...).####.##'## #
###.#.#
#.........##.# #.#.#
##....#.####.#
#.###.#.# ..### #.#
##.## #.......#
#.###...## #####.###


There were no monsters in sight!

Vanquished Creatures
  A two-headed ogre (D:5)
  Sigmund (D:2)
  A shadow (D:5)
  An ice beast (D:5)
  A black bear (D:5)
  2 ogres
  A bullfrog (D:3)
  A scorpion (D:5)
  A killer bee (D:4)
  3 hounds
  2 orc priests (D:2)
  A gnoll bouda (D:4)
  2 iguanas (D:5)
  An orc wizard (D:5)
  Natasha (D:2)
  5 gnolls (D:4)
  6 adders
  A worm (D:3)
  4 dart slugs
  6 orcs
  7 endoplasms
  2 giant cockroaches (D:1)
  5 goblins
  6 hobgoblins
  6 jackals
  5 quokkas
  2 ball pythons
  4 bats
  4 frilled lizards (D:1)
  9 kobolds
  10 rats
102 creatures vanquished.

Notes
Turn   | Place    | Note
-------+----------+-------------------------------------------
     0 | D:1      | Ekaitz the Tengu Air Elementalist began the quest for the
                  | Orb.
     0 | D:1      | Reached XP level 1. HP: 10/10 MP: 4/4
   174 | D:1      | Reached XP level 2. HP: 16/16 MP: 4/6
   177 | D:1      | Learned a level 2 spell: Static Discharge
   645 | D:1      | Found a faded altar of an unknown god.
   899 | D:1      | Reached XP level 3. HP: 20/20 MP: 1/7
   903 | D:1      | Learned a level 3 spell: Swiftness
  1337 | D:2      | Reached skill level 5 in Air Magic
  1368 | D:2      | Reached skill level 1 in Fighting
  1624 | D:2      | Reached XP level 4. HP: 25/25 MP: 1/8
  1644 | D:2      | Reached XP level 5. HP: 7/29 MP: 0/9
  1828 | D:2      | Noticed Natasha
  1839 | D:2      | Killed Natasha
  1941 | D:2      | Noticed Sigmund
  1955 | D:2      | Killed Sigmund
  1956 | D:2      | Reached skill level 6 in Air Magic
  1956 | D:2      | Reached XP level 6. HP: 4/35 MP: 3/11
  2277 | D:3      | Identified the "Soyg Haxach"
  2286 | D:3      | Learned a level 4 spell: Airstrike
  2675 | D:3      | Gained mutation: Your magical flight helps you evade
                  | attacks. (EV +4) [Tengu growth]
  2675 | D:3      | Reached XP level 7. HP: 40/40 MP: 7/12
  2990 | D:3      | Reached skill level 7 in Air Magic
  3493 | D:4      | Found a runed translucent door.
  3529 | D:4      | Noticed tinescath's ghost (amateur DEHW)
  3570 | D:4      | Found a runed translucent door.
  3690 | D:4      | Found a burning altar of Makhleb.
  4515 | D:5      | Entered Level 5 of the Dungeon
  4545 | D:5      | Reached skill level 1 in Maces & Flails
  4642 | D:5      | Reached XP level 8. HP: 24/46 MP: 9/14
  4948 | D:5      | Reached skill level 8 in Air Magic
  5034 | D:5      | Noticed a two-headed ogre
  5045 | D:5      | Killed a two-headed ogre
  5046 | D:5      | Reached skill level 5 in Dodging
  5046 | D:5      | Reached skill level 5 in Conjurations
  5046 | D:5      | Reached skill level 9 in Air Magic
  5046 | D:5      | Reached XP level 9. HP: 28/52 MP: 4/16
  5151 | D:5      | Killed from afar by themself

Illustrated notes

Levels and vault maps discovered:
D:1:      dpeg_arrival_prison, layout_rooms, ebering_ecumenical_altar_webs,
          grunt_decor_clamped, minmay_misc_feat_five
D:2:      layout_basic, mrwooster_statue_mirror, uniq_natasha, uniq_sigmund
D:3:      layout_loops_ring
D:4:      layout_loops_corners, ebering_ghost_sewer_f, minmay_ruined_shrine
D:5:      layout_loops_corners, minmay_temple_entry_enclosed_plants,
          minmay_manual_macuahuitl, uniq_blork_the_orc

Skill      XL: |  1  2  3  4  5  6  7  8 |
---------------+-------------------------+-----
Conjurations   | 2 3 4 5 |  5.4
Air Magic      | 5 6 7 9 |  9.0
Fighting       | 1 2 3 4 |  4.0
Dodging        | 3 4 5 |  5.3
Spellcasting   | 3 4 |  4.5
Maces & Flails | 1 2 |  2.6
Stealth        | 3 |  3.1

Action                     |  1- 3 |  4- 6 |  7- 9 || total
---------------------------+-------+-------+-------++-------
  Melee: Dagger            |     4 |     5 |       ||     9
         Kick              |     1 |     2 |     8 ||    11
         Peck              |       |     3 |     4 ||     7
         Mace              |       |    11 |    24 ||    35
   Cast: Shock             |    62 |    41 |    95 ||   198
         Static Discharge  |     2 |     5 |    12 ||    19
   Stab: Sleeping          |     2 |       |       ||     2
 Armour: Robe              |     4 |    22 |    40 ||    66
  Dodge: Dodged            |     5 |    26 |    41 ||    72

Table legend: (Time is in decaauts)
 A = Elapsed time spent in this place.
 B = Non-inter-level travel time spent in this place.
 C = Inter-level travel time spent in this place.
 D = Time resting spent in this place.
 E = Time spent auto-exploring this place.
 F = Levels seen in this place.
 G = Mean time per level.
                   A        B        C        D        E       F      G
               +--------+--------+--------+--------+--------+-----+--------+
         Total |   5161 |   5064 |     97 |    148 |   4291 |   5 | 1032.2 |
       Dungeon |   5161 |   5064 |     97 |    148 |   4291 |   5 | 1032.2 |
               +--------+--------+--------+--------+--------+-----+--------+

Top non-repeatable levels by time:
     D:2: 1218 daAuts
     D:4: 1178 daAuts
     D:3: 1064 daAuts
     D:1: 1060 daAuts
     D:5: 638 daAuts
